 Dungeon Crawl Stone Soup version 0.22-a0-247-gbddf880 (webtiles) character file.

60 JeffiDaFish the Firebug (level 3, -2/26 HPs)
             Began as a Draconian Fire Elementalist on Feb 27, 2018.
             Slain by Nornya's ghost (9 damage)
             ... on level 3 of the Dungeon.
             The game lasted 00:07:01 (2092 turns).

JeffiDaFish the Firebug (DrFE)                      Turns: 2092, Time: 00:07:02

Health: -2/26      AC:  7    Str: 12    XL:     3   Next: 80%
Magic:  7/7        EV: 11    Int: 16    God:
Gold:   74         SH:  0    Dex: 11    Spells: 3/7 levels left

rFire    . . .     SeeInvis .   g - +1 short sword (drain)
rCold    . . .     Gourm    .   (no shield)
rNeg     . . .     Faith    .   (armour unavailable)
rPois    +         Spirit   .   (helmet restricted)
rElec    .         Reflect  .   (no cloak)
rCorr    .         Harm     .   (no gloves)
MR       .....                  b - +1 pair of boots
Stlth    ..........             (no amulet)
HPRegen  0.08/turn              e - ring of loudness (curse)
MPRegen  0.10/turn              (no ring)

@: heavily drained
A: unfitting armour, poison resistance, strong 1, cold-blooded, AC +5
a: no special abilities


You were on level 3 of the Dungeon.
You were not hungry.

You visited 1 branch of the dungeon, and saw 3 of its levels.

You collected 74 gold pieces.

Inventory:

Hand Weapons
 g - a +1 short sword of draining (weapon)
Armour
 b - a +1 pair of boots (worn)
Jewellery
 e - a cursed ring of loudness (left hand)
Scrolls
 c - 2 scrolls of identify
Potions
 f - a potion of heal wounds
Comestibles
 a - 3 rations
 d - a chunk of flesh


   Skills:
 - Level 1.9(0.2) Dodging
 - Level 1.7(0.1) Stealth
 * Level 2.9(1.2) Spellcasting
 + Level 1.7(0.0) Conjurations
 * Level 3.7(1.9) Fire Magic


You had 3 spell levels left.
You knew the following spells:

 Your Spells              Type           Power        Failure   Level  Hunger
a - Flame Tongue          Conj/Fire      #....        14%         1    ##.....
b - Conjure Flame         Conj/Fire      #.......     41%         3    ####...


Dungeon Overview and Level Annotations

Branches:
Dungeon (3/15)

Altars:
Hepliaklqana

Annotations:
D:3 Nornya's ghost, amateur GrMo; Sigmund


Innate Abilities, Weirdness & Mutations

Your plain brown scales are hard. (AC +5)
You cannot fit into any form of body armour.
You are cold-blooded and may be slowed by cold attacks.
Your system is resistant to poisons. (rPois)
Your muscles are strong. (Str +2)


Message History

You start resting.
You are near starving!
You see here a club.
You see here 3 chunks of flesh.
d - 3 chunks of flesh Eat one of 3 chunks of flesh? (ye/n/q)
You eat one of the 3 chunks of flesh.
This raw flesh tastes terrible.
You are feeling hungry.
Eat one of 2 chunks of flesh? (ye/n/q)
You eat one of the 2 chunks of flesh.
This raw flesh tastes terrible.
There is a stone staircase leading down here.
You climb downwards.
Level annotation: Nornya's ghost, amateur GrMo; Sigmund Nornya's ghost hits you!
Nornya's ghost barely misses you.
There is a stone staircase leading up, spattered with blood here.
Nornya's ghost barely misses you. Nornya's ghost hits you.
* * * LOW HITPOINT WARNING * * *
Nornya's ghost hits you!
You die...

### #... ..# #.# #
#########.### ..
#@W....##...####..
##..##............
##.###...........
#.###......†....
#.........†.....
####...#..####..
##.....###
##......# ##...#.#


You could see Nornya's ghost.

Vanquished Creatures
  An adder (D:2)
  2 dart slugs
  A leopard gecko (D:2)
  5 bats
  3 giant cockroaches
  2 goblins
  5 hobgoblins
  7 jackals
  2 quokkas
  3 frilled lizards
  8 kobolds
  3 rats (D:1)
42 creatures vanquished.

Notes
Turn   | Place    | Note
-------+----------+-------------------------------------------
     0 | D:1      | JeffiDaFish the Draconian Fire Elementalist began the quest for the Orb.
     0 | D:1      | Reached XP level 1. HP: 14/14 MP: 3/3
   245 | D:1      | Reached XP level 2. HP: 18/20 MP: 0/5
   526 | D:1      | Gained mutation: Your system is resistant to poisons. (rPois) [potion of mutation]
   526 | D:1      | Gained mutation: Your muscles are strong. (Str +2) [potion of mutation]
   890 | D:2      | Reached XP level 3. HP: 26/26 MP: 6/6
   940 | D:2      | Found a faded altar of an unknown god.
  1372 | D:2      | Found a hazy altar of Hepliaklqana.
  1390 | D:2      | Learned a level 3 spell: Conjure Flame
  1810 | D:3      | Noticed Sigmund
  1878 | D:3      | Noticed Nornya's ghost (amateur GrMo)
  2092 | D:3      | Slain by Nornya's ghost

Vault maps used:
D:1:      dpeg_arrival_houses_and_road
D:2:      marbit_many_paths, chequers_ecumenical_altar_island,
          minmay_pentomino_q2
D:3:      wad_woods_tower, lemuel_crystal_altar, first_ration,
          yredelemnul_altar_generic, uniq_sigmund

Action                   || total
-------------------------++-------
Melee: Dagger            ||    18
       Tailslap          ||    13
       Short sword       ||   124
 Cast: Flame Tongue      ||    32
  Use: Scroll            ||     6
       Potion            ||     4
  Eat: Chunk             ||     5
Armor: Skin              ||    80
Dodge: Dodged            ||   126

Table legend:
 A = Spawn XP
 B = Non-spawn XP
 C = Spawn XP percentage of total XP
 D = Spawn monster count
 E = Non-spawn monster count
 F = Spawn count percentage of total count
 G = Total turns spent on level
                    A         B        C        D         E        F      G
               +---------+---------+-------+---------+---------+-------+---------
         Total |       0 |      86 |   0.0 |       0 |      42 |   0.0 |  2092
               +---------+---------+-------+---------+---------+-------+---------
           D:1 |       0 |      40 |   0.0 |       0 |      23 |   0.0 |   825
           D:2 |       0 |      40 |   0.0 |       0 |      16 |   0.0 |  1221
           D:3 |       0 |       6 |   0.0 |       0 |       3 |   0.0 |    46
               +---------+---------+-------+---------+---------+-------+---------
